 Dungeon Crawl Stone Soup version 0.27.0-1-g7a089689b8 (webtiles) character file.

Game seed: 13245290011536991492

74 vvl the Stinger (level 4, -3/28 HPs)
             Began as an Octopode Venom Mage on Aug 2, 2021.
             Splashed by a jelly's acid (6 damage)
             ... on level 3 of the Dungeon.
             The game lasted 00:03:57 (2642 turns).

vvl the Stinger (Octopode Venom Mage)               Turns: 2642, Time: 00:03:59

Health: -3/28      AC: -11   Str:  8    XL:     4   Next: 30%
Magic:  7/7        EV: 13    Int: 17    God:
Gold:   75         SH:  0    Dex: 12    Spells: 7/8 levels left

rFire    . . .     SeeInvis .   d - +0 dagger (flame)
rCold    . . .     Faith    .   (no shield)
rNeg     . . .     Spirit   .   (helmet restricted)
rPois    .         Reflect  .   (no amulet)
rElec    .         Harm     .   (no ring)
rCorr    .         Rampage  .   (no ring)
Will     .....                  (no ring)
Stlth    +++.......             (no ring)
HPRegen  0.09/turn              (no ring)
MPRegen  0.10/turn              (no ring)
                                (no ring)
                                (no ring)

@: corroded
A: almost no armour, amphibious, 8 rings, camouflage 1, gelatinous body 1,
(nimble swimmer 1), tentacles
a: no special abilities


You were on level 3 of the Dungeon.
You visited 1 branch of the dungeon, and saw 3 of its levels.

You collected 75 gold pieces.

Inventory:

Hand Weapons
 d - a +0 dagger of flaming (weapon)
Missiles
 c - a throwing net
Scrolls
 e - a scroll of immolation {unknown}
 f - a scroll of magic mapping {unknown}
 h - 2 scrolls of identify {unknown}
 i - a scroll of fog {unknown}
 j - a scroll of teleportation {unknown}
 l - a scroll of vulnerability {unknown}
Potions
 a - a potion of heal wounds {unknown}
 b - 2 potions of degeneration {unknown}
 g - a potion of attraction {unknown}
 k - a potion of curing {unknown}


   Skills:
 + Level 1.3 Fighting
 + Level 2.5 Dodging
 - Level 3.0 Stealth
 + Level 0.2 Unarmed Combat
 + Level 2.5 Spellcasting
 + Level 1.8 Transmutations
 + Level 4.1 Poison Magic


You had 7 spell levels left.
You knew the following spells:

 Your Spells              Type           Power      Damage    Failure   Level
a - Sting                 Tmut/Pois      48%        1d5       5%          1

Your spell library contained the following spells:

 Spells                   Type           Power      Damage    Failure   Level
 Poisonous Vapours        Pois/Air       18%        N/A       12%         2
 Freeze                   Ice            8%         1d3       19%         1
 Mephitic Cloud           Conj/Pois/Air  6%         N/A       30%         3
 Olgreb's Toxic Radiance  Pois           16%        N/A       32%         4
 Frozen Ramparts          Ice            4%         1d2       50%         3
 Hailstorm                Conj/Ice       2%         3d3       88%         4


Dungeon Overview and Level Annotations

Branches:
Dungeon (3/15)

Altars:
Cheibriados


Innate Abilities, Weirdness & Mutations

You cannot wear most types of armour.
You are amphibious.
You can wear up to eight rings at the same time.
Your skin changes colour to match your surroundings (Stealth+).
Your rubbery body absorbs attacks. (AC +1, EV +1)
((You are camouflaged near water. (Stealth+)))
You have tentacles for arms and can constrict up to eight enemies at once.


Message History

The helpless jelly fails to defend itself.
You puncture the jelly! You burn the jelly. The acid corrodes you!
Your tentacles burn!
The adder hisses angrily.
You squeeze the jelly, but do no damage.
The jelly is severely wounded.
The adder bites you. The jelly misses you. The adder closely misses you.
You miss the adder. Your grab misses the adder. The adder closely misses you.
You closely miss the adder. Your grab misses the adder. The adder misses you.
You hit the adder but do no damage. You grab the adder.
You constrict the adder. The adder bites you.
You hit the adder but do no damage. Your squeeze misses the adder.
The adder is lightly wounded.
You constrict the adder. The adder bites you. The adder closely misses you.
You hit the adder but do no damage. You squeeze the adder.
The adder is severely wounded.
You constrict the adder. The adder barely misses you.
You barely miss the adder.
The adder is almost dead.
You constrict the adder.
You kill the adder!
You hit the jelly but do no damage. The acid corrodes you!
Your tentacles burn!
The jelly is severely wounded.
The jelly barely misses you.
You hit the jelly but do no damage.
Your tentacles burn!
The jelly is severely wounded.
The jelly barely misses you.
You hit the jelly but do no damage.
Your tentacles burn!
* * * LOW HITPOINT WARNING * * *
You squeeze the jelly.
The jelly is almost dead.
The jelly closely misses you.
You hit the jelly but do no damage.
Your tentacles burn!
* * * LOW HITPOINT WARNING * * *
The jelly is almost dead.
The jelly hits you.
* * * LOW HITPOINT WARNING * * *
The acid corrodes you!
You are splashed with acid.
You die...

##.##<# #.#
#.##.#######.#######
#.##................
#.##########.#######
#.# ...............
#.# #######.########
#.# #.............
#.# #.###J########
#@# #.# #.# #.. ..#
#.# #.# #.#


You could see a jelly.

Vanquished Creatures
  3 adders
  2 dart slugs (D:1)
  An orc (D:2)
  3 ball pythons (D:1)
  6 endoplasms
  A giant cockroach (D:1)
  3 goblins (D:1)
  10 hobgoblins
  2 kobolds (D:1)
  2 quokkas (D:1)
  A bat (D:1)
  2 frilled lizards
  3 rats (D:1)
39 creatures vanquished.

Notes
Turn   | Place    | Note
-------+----------+-------------------------------------------
     0 | D:1      | vvl the Octopode Venom Mage began the quest for the Orb.
     0 | D:1      | Reached XP level 1. HP: 11/11 MP: 3/3
   147 | D:1      | Reached XP level 2. HP: 15/18 MP: 5/5
   732 | D:1      | Reached XP level 3. HP: 20/22 MP: 6/6
  1001 | D:1      | Reached skill level 1 in Fighting
  1442 | D:2      | Found a faded altar of an unknown god.
  1461 | D:2      | Found a snail-covered altar of Cheibriados.
  1520 | D:2      | Reached skill level 4 in Poison Magic
  1929 | D:2      | Reached XP level 4. HP: 25/28 MP: 7/7
  2642 | D:3      | Splashed by a jelly's acid

Illustrated notes

Levels and vault maps discovered:
D:1:      dpeg_arrival_water_temple_mockup, layout_basic
D:2:      layout_basic, basic_ecumenical_altar, basic_altar, serial_curves,
          eino_curves_01, eino_curves_04, roderic_roman_lattice
D:3:      layout_basic, yredelemnul_altar_generic, dancing_weapons_uskayaw,
          gammafunk_ghost_arena

Skill      XL: |  1  2  3 |
---------------+----------+-----
Stealth        | 3 |  3.0
Fighting       | 1 |  1.3
Poison Magic   | 4 |  4.1
Dodging        | |  2.5
Unarmed Combat | |  0.2
Spellcasting   | |  2.5
Transmutations | |  1.8

Action                   |  1- 3 |  4- 6 || total
-------------------------+-------+-------++-------
Melee: Unarmed           |    68 |       ||    68
       Tentacles         |    15 |     6 ||    21
       Constrict         |    22 |     3 ||    25
       Dagger            |    24 |    22 ||    46
 Cast: Sting             |     5 |       ||     5
 Stab: Sleeping          |     8 |     3 ||    11
Armor: Skin              |     4 |       ||     4
Dodge: Dodged            |    51 |    16 ||    67
